 Dungeon Crawl Stone Soup version 0.25-a0-591-g2ad0d861f1 (webtiles) character file.

Game seed: 16846429428460772864, levelgen mode: deterministic

28 Esekla the Charlatan (level 3, 0/17 HPs)
             Began as a Spriggan Artificer on Mar 14, 2020.
             Slain by a hobgoblin (3 damage)
             ... on level 2 of the Dungeon.
             The game lasted 00:05:18 (1001 turns).

Esekla the Charlatan (Spriggan Artificer)           Turns: 1001, Time: 00:05:19

Health: 0/17       AC:  2    Str:  8    XL:     3   Next: 0%
Magic:  7/7        EV: 19    Int: 13    God:
Gold:   39         SH:  0    Dex: 16    Spells: 6/6 levels left

rFire    . . .     SeeInvis +   a - +0 short sword
rCold    . . .     Gourm    .   (shield restricted)
rNeg     . . .     Faith    .   b - +0 robe
rPois    .         Spirit   .   (helmet restricted)
rElec    .         Reflect  .   (no cloak)
rCorr    .         Harm     .   (gloves unavailable)
MR       .....                  (boots unavailable)
Stlth    ++........             (no amulet)
HPRegen  0.05/turn              (no ring)
MPRegen  0.10/turn              (no ring)

@: very quick
A: very small, unfitting armour, see invisible, herbivore, speed 3, slow
metabolism 2
a: no special abilities


You were on level 2 of the Dungeon.
You were not hungry.

You visited 1 branch of the dungeon, and saw 2 of its levels.

You collected 39 gold pieces.

Inventory:

Hand Weapons
 a - a +0 short sword (weapon)
Armour
 b - a +0 robe (worn)
Wands
 c - a wand of flame (15)
 d - a wand of enslavement (15)
 e - a wand of random effects (15)
Scrolls
 h - a scroll of magic mapping
 i - 2 scrolls of remove curse {unknown}
 j - a scroll of identify
 m - a scroll of random uselessness {unknown}
 p - a scroll of fear {unknown}
 q - a scroll of immolation
Potions
 g - a potion of magic {unknown}
 k - a potion of resistance {unknown}
 l - 2 potions of curing
 n - 2 potions of flight {unknown}
 o - a potion of lignification {unknown}
Comestibles
 f - a ration


   Skills:
 - Level 0.7 Fighting
 * Level 1.9 Short Blades
 * Level 3.8 Dodging
 + Level 1.5 Stealth
 * Level 2.0 Spellcasting
 - Level 4.0 Evocations


You had 6 spell levels left.
You didn't know any spells.
Your spell library was empty.

Dungeon Overview and Level Annotations

Branches:
Dungeon (1/15)

Altars:

Annotations:
D:2 Natasha


Innate Abilities, Weirdness & Mutations

You are very small and have problems with some larger weapons.
You are too small for most types of armour.
You have supernaturally acute eyesight. (SInv)
You are a herbivore.
You cover ground extremely quickly.
You need to consume almost no food.


Message History

Natasha hisses angrily.
The kobold shouts!
There is an open door here.
The hobgoblin misses you. The hobgoblin completely misses you.
You see here 2 scrolls labeled WOSSASHUIF.
q - 2 scrolls labeled WOSSASHUIF
As you read the scroll labeled KIS WIS OPAXAB, it crumbles to dust.
It is a scroll of identify.
l - 2 potions of curing Natasha mumbles some strange words.
As you read the scroll labeled WOSSASHUIF, it crumbles to dust.
The creatures around you are filled with an inner flame!
It was a scroll of immolation.
Natasha hisses.
As you read the scroll labeled VIAHIQ LEYBO, it crumbles to dust.
You feel aware of your surroundings.
It was a scroll of magic mapping.
Natasha mumbles some strange words.
The hobgoblin completely misses you. The goblin misses you.
The hobgoblin hits you.
You die...

**###+####.....####### ******,*
#K5...#
*,,,,,,***#.....#******######
*,,,,,>+,,+.h...+,,,,,,......
*,,,,,,***#.5...#******######
**********,* #.....#,,,,,,,,*
,,,,,,,* *,* #.....#,,,,,,,,*
,*****,* *,* #gg...#,,,,,,,,*
,*,,,*,* *,* #.@...#,,,,,,,,*
,*,***,* *,***#######,,,,,,,,****
,*,,,,,* *,,,,,,,,,,+,,,,,,,,+,,,
,*,******************,,,,,,,,***,
,,,,,,,,,,,,*********,,,,,,,,* *,
**,*****,,,,,,,,,,,,*,,,,,,,,* *,
*,*****,,,,,,,,,,,,*,,,,,,,,* *,
*,,,,,+,,,,,,,,,,,,*,,,,,,,,* *,
*******,,,,,,,,,,,,*,,,,,,,,***,


You could see Natasha (inner flame), 2 crimson imps, a hobgoblin (inner flame),
a goblin (inner flame) and a kobold.

Vanquished Creatures
  A dart slug (D:1)
  3 leopard geckos (D:1)
  A ball python (D:2)
  2 bats (D:1)
  A giant cockroach (D:1)
  A hobgoblin (D:1)
  2 jackals (D:2)
  2 kobolds (D:1)
  5 goblins
  3 rats (D:1)
21 creatures vanquished.

Notes
Turn   | Place    | Note
-------+----------+-------------------------------------------
     0 | D:1      | Esekla the Spriggan Artificer began the quest for the Orb.
     0 | D:1      | Reached XP level 1. HP: 9/9 MP: 4/4
    92 | D:1      | Reached skill level 1 in Spellcasting
   135 | D:1      | Reached XP level 2. HP: 9/14 MP: 6/6
   788 | D:1      | You fall into a shaft and drop 1 floor!
   919 | D:2      | Reached XP level 3. HP: 6/17 MP: 7/7
   985 | D:2      | Noticed Natasha
  1001 | D:2      | Slain by a hobgoblin

Levels and vault maps discovered:
D:1:      scummos_arrival_gate, layout_loops_ring
D:2:      layout_basic, minmay_heptomino_o4, uniq_natasha

Skill      XL: |  1  2 |
---------------+-------+-----
Spellcasting   | 1 2 |  2.0
Fighting       | |  0.7
Short Blades   | |  1.9
Dodging        | |  3.8
Stealth        | |  1.5
Evocations     | |  4.0

Action                   || total
-------------------------++-------
Melee: Short sword       ||    96
  Use: Scroll            ||     3
 Stab: Sleeping          ||     3
Armor: Robe              ||     6
Dodge: Dodged            ||    74

Table legend:
 A = Non-vault XP
 B = Vault XP
 C = Vault XP percentage of total XP
 D = Non-vault monster count
 E = Vault monster count
 F = Vault count percentage of total count
                 A         B        C        D         E       F
            +---------+---------+-------+---------+---------+-------
      Total |      39 |       2 |   4.9 |      20 |       1 |   4.8
            +---------+---------+-------+---------+---------+-------
        D:1 |      33 |       0 |   0.0 |      17 |       0 |   0.0
        D:2 |       6 |       2 |  25.0 |       3 |       1 |  25.0
            +---------+---------+-------+---------+---------+-------
